 Dungeon Crawl Stone Soup version 0.31.0-11-ge490571c62 (webtiles) character file.

Game seed: 6853325744771911363

22464 hawla the Cruncher (level 12, -12/61 (62) HPs)
             Began as a Deep Elf Fire Elementalist on Jan 29, 2024.
             Was a High Priest of Vehumet.
             Hit by a large rock thrown by a cyclops (42 damage)
             ... on level 13 of the Dungeon.
             The game lasted 00:54:21 (14487 turns).

hawla the Cruncher (Deep Elf Fire Elementalist)    Turns: 14487, Time: 00:54:22

HP:   -12/61 (62)   AC: 17    Str:  2    XL:     12   Next: 63%
MP:   0/26          EV: 14    Int: 33    God:    Vehumet [*****.]
Gold: 1521          SH:  0    Dex: 14    Spells: 5/28 levels left

rFire   + . .        F - staff of conjuration
rCold   . . .        (no shield)
rNeg    . . .        h - +2 steam dragon scales
rPois   .            (no helmet)
rElec   .            l - +0 cloak
rCorr   .            d - +1 pair of gloves
SInv    +            n - +0 pair of boots
Will    +....        f - amulet of regeneration
Stlth   ++           a - ring of Piraal {AC+4 Int+3 Slay+3}
HPRegen 1.10/turn    w - ring of see invisible
MPRegen 0.20/turn

%: no passive effects
@: marked, very slightly contaminated, slowed, studying Shapeshifting, lightly
drained, very slow
A: iridescent scales 1, clever 1, fire resistance 1, weak 1
a: Renounce Religion


You were on level 13 of the Dungeon.
You worshipped Vehumet.
Vehumet was extremely pleased with you.
You visited 1 branch of the dungeon, and saw 13 of its levels.
You also visited: Bailey.

You collected 1521 gold pieces.

Inventory:

Hand Weapons
 k - a +4 quarterstaff of flaming
Armour
 d - a +1 pair of gloves (worn)
 h - +2 steam dragon scales (worn)
 l - a +0 cloak (worn)
 n - a +0 pair of boots (worn)
 v - a +0 robe of willpower
 E - a +1 robe of positive energy
Magical Staves
 o - a staff of cold
 F - a staff of conjuration (weapon)
Jewellery
 a - the ring of Piraal (left hand) {AC+4 Int+3 Slay+3}
   (You acquired it in a bailey)

   [ring of protection]

   AC+4:      It affects your AC (+4).
   Int+3:     It affects your intelligence (+3).
   Slay+3:    It affects your accuracy & damage with ranged weapons and melee
   (+3).
 f - an amulet of regeneration (around neck)
 w - a ring of see invisible (right hand)
Wands
 p - a wand of light (7)
 q - a wand of polymorph (6)
 r - a wand of iceblast (11)
 t - a wand of flame (44)
Scrolls
 b - a scroll of identify
 s - a scroll of fear
 D - a scroll of immolation
Potions
 c - a potion of haste
 e - 3 potions of enlightenment
 g - 4 potions of ambrosia
 j - a potion of magic
 u - a potion of curing
 x - a potion of brilliance
 z - a potion of berserk rage
 A - a potion of cancellation
 C - a potion of might


   Skills:
 - Level 2.0 Fighting
 - Level 14.0 Staves
 - Level 6.0 Dodging
 - Level 3.0 Stealth
 + Level 8.7 Spellcasting
 - Level 8.0 Conjurations
 - Level 5.0 Necromancy
 - Level 6.0 Translocations
 - Level 5.0 Fire Magic
 - Level 1.0 Ice Magic
 - Level 5.0 Earth Magic
 - Level 3.2 Alchemy
 - Level 4.0 Evocations
 - Level 8.0 Shapeshifting


You had 5 spell levels left.
You knew the following spells:

 Your Spells              Type           Power      Damage    Failure   Level
a - Foxfire               Conj/Fire      100%       2x1d9     1%          1
b - Scorch                Fire           94%        2d8       1%          2
c - Flame Wave            Conj/Fire      72%        2d16      1%          4
d - Iskenderun's Mystic   Conj/Tloc      74%        2d15      1%          4
e - Brom's Barrelling Bo  Conj/Erth      72%        2d9       1%          4
f - Dispel Undead         Necr           47%        3d18      4%          4
g - Olgreb's Toxic Radia  Alch           35%        N/A       2%          4

Your spell library contained the following spells:

 Spells                   Type           Power      Damage    Failure   Level
 Kiss of Death            Conj/Necr      100%       2d13      1%          1
 Magic Dart               Conj           100%       1d8       1%          1
 Sandblast                Erth           94%        2d19      1%          1
 Sting                    Conj/Alch      100%       1d9       1%          1
 Cigotuvi's Dreadful Rot  Necr/Alch/Air  64%        N/A       1%          2
 Mercury Vapours          Alch/Air       50%        N/A       1%          2
 Searing Ray              Conj           100%       2d8       1%          2
 Gell's Gravitas          Tloc           52%        N/A       1%          3
 Inner Flame              Hex/Fire       30%        N/A       1%          3
 Passwall                 Erth           47%        N/A       1%          3
 Stone Arrow              Conj/Erth      100%       3d13      1%          3
 Teleport Other           Tloc           52%        N/A       1%          3
 Volatile Blastmotes      Fire/Tloc      100%       2d18      1%          3
 Fulminant Prism          Conj/Alch      33%        3d15      1%          4
 Ignite Poison            Fire/Alch      41%        N/A       1%          4
 Sticky Flame             Fire/Alch      41%        2d8       1%          4
 Manifold Assault         Tloc           52%        N/A       2%          4
 Passage of Golubria      Tloc           52%        N/A       2%          4
 Irradiate                Conj/Alch      33%        3d22      2%          5
 Call Canine Familiar     Summ           14%        N/A       10%         3
 Confusing Touch          Hex            14%        N/A       10%         3
 Sigil of Binding         Hex            14%        N/A       10%         3
 Tukima's Dance           Hex            14%        N/A       10%         3
 Dimensional Bullseye     Hex/Tloc       17%        N/A       10%         4
 Martyr's Knell           Necr/Summ      30%        N/A       12%         4
 Yara's Violent Unravell  Hex/Alch       12%        3d7       13%         5
 Silence                  Hex/Air        7%         N/A       65%         5
 Dispersal                Tloc           26%        N/A       38%         6
 Death Channel            Necr           23%        N/A       54%         6
 Lehudib's Crystal Spear  Conj/Erth      36%        10d9      96%         8
 Ignition                 Fire           23%        3d8       99%         8
 Disjunction              Tloc           26%        N/A       100%        8


Dungeon Overview and Level Annotations

Branches:
Dungeon (13/15)            Temple (0/1) D:7            Lair (0/5) D:11
    Orc (0/2) D:12         Bailey (visited)
 Vaults: D:13-14

Altars:
Ashenzari
Dithmenos
Elyvilon
Fedhas
Gozag
Kikubaaqudgha
Nemelex Xobeh
Qazlal
Ru
Sif Muna
Uskayaw
Vehumet
Xom
The Shining One

Shops:
D:1 (   D:3 =   D:5 (   D:11 [(

Annotations:
D:8 Maggie


Innate Abilities, Weirdness & Mutations

You are partially covered in iridescent scales. (AC +2)
Your mind is acute. (Int +4, Str/Dex -1)
Your flesh is heat resistant. (rF+)
You are weak. (Str -2)


Message History

Press: ? - help, Shift-Dir - straight line, f - laughing skull
Aim: a laughing skull (lightly damaged, 100% to hit)
The laughing skull is dispelled!!!
You destroy the laughing skull!
Vehumet accepts your kill.
You feel sick.
You are no longer poisoned.
You hit the wraith.
The wraith is heavily damaged.
The wraith misses you.
You barely miss the wraith.
The wraith is heavily damaged.
You hit the wraith.
The wraith is heavily damaged.
The wraith hits you but does no damage.
Okay, then.
Vehumet accepts your kill.
The chaos spawn degenerates into a cloud of primal chaos!
You feel a bit more experienced.
The death knight offers itself to Yredelemnul, and fills with unholy energy.
The wraith attacks as it pursues you! The wraith hits you but does no damage.
You see here a vampire mosquito corpse.
Found a +0 dagger.
The wraith attacks as it pursues you! The wraith closely misses you.
A slime creature comes into view.
Okay, then.
The wraith hits you! The wraith drains your vigour!
You feel yourself slow down.
Casting: Dispel Undead (dangerous; 4% risk of failure)
Confirm with . or Enter, or press ? or * to list all spells.
Aiming: Dispel Undead (dangerous; 4% risk of failure)
Press: ? - help, Shift-Dir - straight line, f - wraith
Aim: a wraith (heavily damaged, 100% to hit)
You miscast Dispel Undead.
You are very lightly contaminated with residual magic.
Strange energies run through your body.
You feel drained.
A wraith comes into view.
The cyclops throws a large rock.
The large rock hits you!!!
Ouch! That really hurt!
You die...

.. .)..# ..
#...##. . ..
#J..... C. ..
..# ###.)... ..
.. .... ..)...
.. ..
.......###...#
.#
........##.).#.#
............@..#
........)#[p####
........#.W##
.........#.z#
#............#.#
#..........W...#
..........######
..........#
..........#


You could see a death knight (reflects damage), a skeletal warrior, a slime
creature, a cyclops and 2 wraiths.

Vanquished Creatures
  Erolcha (D:11)
  5 two-headed ogres
  2 orc high priests (Bailey)
  Sonja (D:12)
  A deep elf pyromancer (D:13)
  An orc knight (Bailey)
  An ugly thing (D:12)
  2 manticores
  A kobold demonologist (D:13)
  2 komodo dragons
  3 unseen horrors
  A hornet (D:7)
  6 trolls
  A raiju (shapeshifter) (D:13)
  5 slime creatures (D:12)
  2 shadows
  A wraith (D:12)
  A vampire (D:10)
  20 yaks
  7 vampire mosquitoes
  Menkaure (D:4)
  4 water moccasins
  An acid dragon (D:9)
  Duvessa (D:6)
  12 orc warriors
  A black bear (D:8)
  2 ice beasts
  2 laughing skulls (D:13)
  A crocodile (shapeshifter) (D:13)
  3 centaurs
  3 ogres
  2 wolves
  A phantom (D:6)
  2 kobold brigands
  4 bullfrogs
  2 scorpions
  4 wights
  Dowan (D:6)
  17 killer bees
  6 howler monkeys
  7 electric eels
  2 quasits (D:6)
  7 hounds
  3 jellies
  3 gnoll boudas
  A sleepcap (D:8)
  Crazy Yiuf (D:3)
  14 orc priests
  Jessica (D:3)
  4 iguanas
  11 orc wizards
  16 gnolls
  9 adders
  4 shadow imps
  6 white imps
  4 ufetubi (D:6)
  A dart slug (D:2)
  A ribbon worm (D:2)
  28 orcs
  8 ball pythons
  5 endoplasms
  A giant cockroach (D:3)
  15 goblins
  10 hobgoblins
  7 kobolds
  6 quokkas
  3 bats
  5 frilled lizards
  4 hobgoblin zombies (D:5)
  4 orc skeletons (D:5)
  2 orc zombies (D:5)
  2 rats (D:1)
329 creatures vanquished.

Vanquished Creatures (collateral kills)
  A goblin (Bailey)
  4 boulders
  A foxfire (D:6)
6 creatures vanquished.

Vanquished Creatures (others)
  11 boulders
  515 foxfires
526 creatures vanquished.

Grand Total: 861 creatures vanquished

Notes
Turn   | Place    | Note
-------+----------+-------------------------------------------
     0 | D:1      | hawla the Deep Elf Fire Elementalist began the quest for
                  | the Orb.
     0 | D:1      | Reached XP level 1. HP: 10/10 MP: 6/6
    14 | D:1      | Found Roigon's Antique Weapon Boutique.
   551 | D:1      | Reached XP level 2. HP: 15/15 MP: 5/8
   921 | D:2      | You fall into a shaft and drop 1 floor!
   960 | D:3      | Found a radiant altar of Vehumet.
   975 | D:3      | Reached XP level 3. HP: 19/19 MP: 4/9
   975 | D:3      | Became a worshipper of Vehumet
  1017 | D:3      | Learned a level 2 spell: Scorch
  1460 | D:2      | Found a white marble altar of Elyvilon.
  1798 | D:2      | Reached XP level 4. HP: 24/24 MP: 5/10
  1803 | D:2      | Learned a level 4 spell: Flame Wave
  2013 | D:3      | Noticed Jessica
  2018 | D:3      | Killed Jessica
  2018 | D:3      | Reached * piety under Vehumet
  2018 | D:3      | Offered knowledge of Magic Dart by Vehumet.
  2193 | D:3      | Found an ancient bone altar of Kikubaaqudgha.
  2256 | D:3      | Found a runed translucent door.
  2257 | D:3      | Noticed Crazy Yiuf
  2425 | D:3      | Found Tarobuym's Jewellery Emporium.
  2723 | D:3      | Killed Crazy Yiuf
  2724 | D:3      | Reached XP level 5. HP: 28/28 MP: 6/11
  2966 | D:4      | Reached skill level 5 in Conjurations
  2966 | D:4      | Noticed an ogre
  3002 | D:4      | Killed an ogre
  3003 | D:4      | Reached XP level 6. HP: 32/32 MP: 1/12
  3090 | D:4      | Noticed Menkaure
  3097 | D:4      | Killed Menkaure
  3246 | D:4      | Identified the +2 leather armour of Siver {Harm *Corrode
                  | rF+ MP+9}
  3447 | D:4      | Reached skill level 1 in Staves
  3452 | D:4      | Reached skill level 2 in Staves
  3457 | D:4      | Learned a level 4 spell: Iskenderun's Mystic Blast
  3847 | D:4      | Reached XP level 7. HP: 36/36 MP: 11/14
  4015 | D:5      | Entered Level 5 of the Dungeon
  4019 | D:5      | Found a shimmering altar of Xom.
  4019 | D:5      | Found a shimmering altar of Xom.
  4019 | D:5      | Found a shimmering altar of Xom.
  4019 | D:5      | Found a shimmering altar of Xom.
  4071 | D:5      | Offered knowledge of Kiss of Death by Vehumet.
  4164 | D:5      | Found a shimmering altar of Xom.
  4179 | D:5      | Found Putt's Antique Weapon Shop.
  4212 | D:5      | Reached ** piety under Vehumet
  4310 | D:5      | Reached XP level 8. HP: 41/41 MP: 0/16
  4593 | D:5      | Found a blossoming altar of Fedhas.
  4610 | D:5      | Found a glowing golden altar of the Shining One.
  4704 | D:5      | Found a shimmering altar of Xom.
  4705 | D:5      | Found a shimmering altar of Xom.
  4932 | D:6      | Reached skill level 3 in Staves
  5004 | D:6      | Found a broken altar of Ashenzari.
  5121 | D:6      | Reached skill level 4 in Staves
  5121 | D:6      | Reached skill level 1 in Evocations
  5217 | D:6      | Noticed Dowan
  5218 | D:6      | Noticed Duvessa
  5222 | D:6      | Killed Dowan
  5225 | D:6      | Killed Duvessa
  5226 | D:6      | Reached skill level 1 in Ice Magic
  5327 | D:6      | Reached skill level 1 in Necromancy
  5327 | D:6      | Offered knowledge of Dazzling Flash by Vehumet.
  5517 | D:6      | Reached *** piety under Vehumet
  5518 | D:6      | Reached skill level 5 in Spellcasting
  5764 | D:6      | Found a sparkling altar of Nemelex Xobeh.
  5902 | D:6      | Reached skill level 5 in Necromancy
  6269 | D:7      | Noticed a hornet
  6286 | D:7      | Killed a hornet
  6287 | D:7      | Reached skill level 5 in Staves
  6287 | D:7      | Reached XP level 9. HP: 45/45 MP: 9/18
  6377 | D:7      | Noticed a +0 hand axe
  6378 | D:7      | Noticed a +0 dagger
  6381 | D:7      | Found a hide-covered altar of Uskayaw.
  6434 | D:7      | Found a staircase to the Ecumenical Temple.
  6496 | D:7      | Reached skill level 6 in Staves
  6585 | D:7      | Found a white marble altar of Elyvilon.
  6726 | D:7      | Offered knowledge of Brom's Barrelling Boulder by Vehumet.
  6751 | D:7      | Reached skill level 7 in Staves
  6947 | D:7      | Found a stormy altar of Qazlal.
  7260 | D:8      | Reached skill level 8 in Staves
  7650 | D:8      | Found an opulent altar of Gozag.
  7810 | D:8      | Reached skill level 9 in Staves
  8012 | D:8      | Noticed Maggie
  8023 | D:8      | Reached **** piety under Vehumet
  8223 | D:8      | Reached XP level 10. HP: 47/50 MP: 12/19
  8410 | D:9      | Noticed a two-headed ogre
  8416 | D:9      | Killed a two-headed ogre
  8417 | D:9      | Reached skill level 10 in Staves
  8422 | D:9      | Learned a level 4 spell: Brom's Barrelling Boulder
  8470 | D:9      | Reached skill level 5 in Dodging
  8481 | D:9      | Found a flagged portal.
  8547 | Bailey   | Entered a bailey
  8577 | Bailey   | Offered knowledge of Hailstorm by Vehumet.
  8681 | Bailey   | Noticed an orc high priest
  8683 | Bailey   | Noticed a soul eater
  8910 | Bailey   | Noticed an orc knight
  9154 | Bailey   | Noticed an orc high priest
  9163 | Bailey   | Found an iron altar of Okawaru.
  9303 | Bailey   | Killed an orc high priest
  9304 | Bailey   | Reached skill level 11 in Staves
  9332 | Bailey   | Gained mutation: You are partially covered in iridescent
                  | scales. (AC +2) [potion of mutation]
  9332 | Bailey   | Gained mutation: You are weak. (Str -2) [potion of
                  | mutation]
  9332 | Bailey   | Gained mutation: Your flesh is heat resistant. (rF+)
                  | [potion of mutation]
  9332 | Bailey   | Gained mutation: Your mind is acute. (Int +4, Str/Dex -1)
                  | [potion of mutation]
  9345 | Bailey   | Killed an orc knight
  9600 | Bailey   | Killed an orc high priest
  9601 | Bailey   | Reached skill level 12 in Staves
  9862 | Bailey   | Acquired 724 gold pieces
  9864 | Bailey   | Acquired the ring of Piraal {AC+4 Int+3 Slay+3}
  9902 | D:9      | Found a sacrificial altar of Ru.
  9923 | D:9      | Found a shimmering blue altar of Sif Muna.
 10161 | D:9      | Noticed a two-headed ogre
 10172 | D:9      | Killed a two-headed ogre
 10173 | D:9      | Reached XP level 11. HP: 37/57 MP: 7/20
 10191 | D:9      | Found a shadowy altar of Dithmenos.
 10551 | D:9      | Reached ***** piety under Vehumet
 10561 | D:9      | Offered knowledge of Ignite Poison by Vehumet.
 10565 | D:9      | Reached skill level 13 in Staves
 10572 | D:9      | Learned a level 4 spell: Ignite Poison
 10744 | D:10     | Entered Level 10 of the Dungeon
 10848 | D:10     | Noticed a two-headed ogre
 10862 | D:10     | Killed a two-headed ogre
 10884 | D:10     | Reached skill level 14 in Staves
 10884 | D:10     | Reached skill level 1 in Alchemy
 11086 | D:10     | Reached skill level 1 in Earth Magic
 11358 | D:10     | Reached skill level 1 in Shapeshifting
 11842 | D:11     | Found Okhlithra's Weapon Shoppe.
 11881 | D:11     | Found Natujo's Armour Shoppe.
 11914 | D:11     | Found a staircase to the Lair.
 11976 | D:12     | Reached skill level 5 in Shapeshifting
 12217 | D:12     | Noticed Sonja
 12227 | D:12     | Noticed a two-headed ogre
 12244 | D:12     | Found a staircase to the Orcish Mines.
 12252 | D:12     | Killed a two-headed ogre
 12386 | D:12     | Learned a level 4 spell: Olgreb's Toxic Radiance
 12662 | D:12     | Reached XP level 12. HP: 54/62 MP: 24/24
 12668 | D:12     | Killed Sonja
 12756 | D:12     | Reached skill level 5 in Fire Magic
 13211 | D:11     | Noticed Erolcha
 13219 | D:11     | Killed Erolcha
 13220 | D:11     | Reached skill level 5 in Translocations
 13449 | D:11     | Noticed a two-headed ogre
 13455 | D:11     | Killed a two-headed ogre
 14403 | D:13     | Noticed a death knight
 14421 | D:13     | Learned a level 4 spell: Dispel Undead
 14468 | D:13     | Noticed a centaur warrior
 14471 | D:13     | Reached skill level 5 in Earth Magic
 14487 | D:13     | Hit by a large rock thrown by a cyclops

Illustrated notes

Levels and vault maps discovered:
D:1:      minmay_arrival_solitary_statue, layout_basic, serial_shops,
          nicolae_shop_window_shopping
D:2:      layout_rooms, basic_altar, minivault_4, nrook_mini_backslash,
          chequers_hall_statues_y, kennysheep_cross_bottleneck,
          chequers_serial_rivers_micro_c
D:3:      layout_basic, kiku_gazebo_garden_becter, vehumet_crystals,
          serial_shops, shop, chequers_serial_rivers_small_b, dk_noncrumbling_4,
          uniq_crazy_yiuf_cottage, uniq_jessica
D:4:      layout_cave_pods, chequers_mini_garden, minmay_misc_feat_enclosed,
          uniq_menkaure
D:5:      layout_cave_pools, nicolae_tso_besieged_by_evil, lemuel_crystal_altar,
          nicolae_xom_altar_mimics, serial_shops, nicolae_shop_waterfront,
          saegor_snake_ambush
D:6:      layout_loops_ring, amcnicky_altar_gilded,
          mainiacjoe_overflow_boulevard, serial_demonic, serial_demonic_e,
          serial_demonic_f, serial_demonic_f, serial_demonic_c,
          grunt_decor_mini_mirrors, grunt_ministairs_3, uniq_duvessa
D:7:      layout_gridville, mainiacjoe_overflow_cross_hatched,
          lemuel_tele_altar, dancing_weapons_uskayaw, minmay_temple_entry_hall,
          blue_anna_alchemist
D:8:      layout_gridville, mainiacjoe_overflow_alcove_4,
          minmay_manual_monstrance, uniq_maggie
D:9:      layout_basic, old_standard_altar, kennysheep_little_box,
          general_overflow_altar, enter_bailey_5
D:10:     layout_rooms, serial_bayou_lagoon_a
D:11:     layout_rooms, erik_lair_orcish_takeover, serial_shops,
          nicolae_shop_bloodbath_and_beyond, shop, serial_corexii_hall,
          corexii_hall_statues_x, chequers_hall_statues_y,
          corexii_hall_statues_l, corexii_hall_statues_s, uniq_erolcha
D:12:     layout_basic, minmay_orc_entry_temple_large, serial_bayou_pond_c,
          uniq_sonja
D:13:     layout_rooms

Skill      XL: |  1  2  3  4  5  6  7  8  9 10 11 12 |
---------------+-------------------------------------+-----
Dodging        | 3 4 6 |  6.0
Conjurations   | 3 4 6 7 8 |  8.0
Staves         | 2 5 9 12 14 | 14.0
Spellcasting   | 4 5 7 8 |  8.7
Translocations | 4 6 |  6.0
Evocations     | 3 4 |  4.0
Ice Magic      | 1 |  1.0
Stealth        | 3 |  3.0
Necromancy     | 5 |  5.0
Fighting       | 2 |  2.0
Alchemy        | 3 |  3.2
Earth Magic    | 1 5 |  5.0
Shapeshifting  | 5 8 |  8.0
Fire Magic     | 4 5 |  5.0

Action                     |  1- 3 |  4- 6 |  7- 9 | 10-12 || total
---------------------------+-------+-------+-------+-------++-------
  Melee: Unarmed           |    18 |     4 |       |       ||    22
         Punch             |     1 |       |     2 |     2 ||     5
         Quarterstaff      |       |     1 |     4 |   344 ||   349
         Staff             |       |       |    54 |    46 ||   100
   Cast: Foxfire           |    67 |    49 |   111 |    70 ||   297
         Scorch            |     6 |    14 |    69 |    47 ||   136
         Flame Wave        |       |     1 |    17 |    19 ||    37
         Iskenderun's Myst |       |       |     1 |    40 ||    41
         Brom's Barrelling |       |       |       |    26 ||    26
         Ignite Poison     |       |       |       |     6 ||     6
         Olgreb's Toxic Ra |       |       |       |     9 ||     9
         Dispel Undead     |       |       |       |     4 ||     4
  Evoke: Wand              |       |       |       |     8 ||     8
    Use: Scroll            |     2 |     6 |     8 |    22 ||    38
         Potion            |     1 |       |     3 |    12 ||    16
   Stab: Sleeping          |       |     1 |       |     3 ||     4
         Paralysed         |       |       |       |     7 ||     7
         Petrified         |       |       |       |     2 ||     2
 Armour: Robe              |    12 |     3 |   104 |    62 ||   181
         Steam dragon scal |       |       |       |   250 ||   250
         Skin              |       |       |       |     6 ||     6
  Dodge: Dodged            |    30 |     8 |    84 |   266 ||   388
